 Dungeon Crawl Stone Soup version 0.28-a0-313-gbc0475efdd (webtiles) character file.

Game seed: 14827068895456891608

9 Spaninq the Magician (level 2, 4/22 HPs)
             Began as a Demonspawn Wanderer on Aug 31, 2021.
             Quit the game on level 1 of the Dungeon.
             The game lasted 00:01:28 (263 turns).

Spaninq the Magician (Demonspawn Wanderer)           Turns: 263, Time: 00:01:30

Health: 4/22       AC:  2    Str: 10    XL:     2   Next: 6%
Magic:  8/8        EV: 11    Int: 16    God:
Gold:   0          SH:  0    Dex: 11    Spells: 10/11 levels left

rFire   . . .      SeeInvis .   a - +2 dagger
rCold   . . .      Faith    .   (no shield)
rNeg    . . .      Spirit   .   d - +0 robe
rPois   .          Reflect  .   (helmet restricted)
rElec   .          Harm     .   (no cloak)
rCorr   .          Rampage  .   (no gloves)
Will    .....                   (no boots)
Stlth   +.........              (no amulet)
HPRegen 0.07/turn               (no ring)
MPRegen 0.11/turn               (no ring)

@: no status effects
A: antennae 1
a: no special abilities


You were on level 1 of the Dungeon.
You visited 1 branch of the dungeon, and saw 1 of its levels.

Inventory:

Hand Weapons
 a - a +2 dagger (weapon)
Missiles
 b - 3 curare-tipped darts (quivered)
Armour
 d - a +0 robe (worn)
Scrolls
 e - 3 scrolls of fear {unknown}
Potions
 c - a potion of curing
 f - a potion of invisibility {unknown}


   Skills:
 + Level 1.7 Fighting
 - Level 1.0 Throwing
 - Level 5.0 Spellcasting
 - Level 1.0 Summonings
 - Level 1.0 Air Magic
 - Level 1.0 Poison Magic
 - Level 1.0 Evocations


You had 10 spell levels left.
You knew the following spells:

 Your Spells              Type           Power      Damage    Failure   Level
a - Apportation           Tloc           8%         N/A       16%         1

Your spell library contained the following spells:

 Spells                   Type           Power      Damage    Failure   Level
 Portal Projectile        Hex/Tloc       8%         N/A       41%         3


Dungeon Overview and Level Annotations

Branches:
Dungeon (1/15)

Altars:


Innate Abilities, Weirdness & Mutations

You have a pair of small antennae on your head.


Message History

Aim: a hobgoblin (54% to hit)
You throw a curare-tipped dart.
The curare-tipped dart closely misses the hobgoblin.
You barely miss the hobgoblin. The hobgoblin barely misses you.
You hit the hobgoblin.
The hobgoblin is heavily wounded.
The hobgoblin misses you.
You hit the hobgoblin.
The hobgoblin is almost dead.
The hobgoblin closely misses you.
You hit the hobgoblin.
You kill the hobgoblin!
You closely miss the goblin. The goblin hits you but does no damage.
You closely miss the goblin. The goblin hits you with a +0 dagger.
* * * LOW HITPOINT WARNING * * *
Throw: 2 darts (curare)
Press: ? - help, Q - select action, (/) - cycle Shift-Dir - straight line, f - goblin
Aim: a goblin, wielding a +0 dagger (45% to hit)
You throw a curare-tipped dart.
The curare-tipped dart barely misses the goblin.
The curare-tipped dart hits the goblin.
The goblin is poisoned.
The goblin convulses.
You kill the goblin!
The goblin closely misses you.
You have reached level 2!
You feel monstrous as your demonic heritage exerts itself.
Your demonic ancestry asserts itself...
A pair of antennae grows on your head!
You hit the goblin.
You kill the goblin!
Things that are here:
a +0 dagger; a goblin corpse; a hobgoblin corpse
b - 2 curare-tipped darts (gained 1)
Things that are here:
a +0 dagger; a goblin corpse
b - 3 curare-tipped darts (gained 1) Save game and exit?
Welcome back, Spaninq the Demonspawn Wanderer.
Press ? for a list of commands and other information.
Are you sure you want to abandon this character and quit the game? (Confirm with "yes".)

#....###.g..#
#.####.#.##.##
##.##### #.#
#.# #.# #.#
###.#######
#)@........
#)#########
#.# #######.#
........#
.......)#
........#
..###...#
.##.##..#


There were no monsters in sight!

Vanquished Creatures
  A ball python (D:1)
  2 goblins (D:1)
  2 hobgoblins (D:1)
  2 kobolds (D:1)
7 creatures vanquished.

Notes
Turn   | Place    | Note
-------+----------+-------------------------------------------
     0 | D:1      | Spaninq the Demonspawn Wanderer began the quest for the
                  | Orb.
     0 | D:1      | Spaninq set off with the following items: a +2 dagger, 3
                  | curare-tipped darts, a potion of curing, a +0 robe; and the
                  | following spell memorised: Apportation; and the following
                  | spells available to memorise: Portal Projectile
     0 | D:1      | Reached XP level 1. HP: 13/13 MP: 6/6
   213 | D:1      | Reached skill level 1 in Fighting
   257 | D:1      | Gained mutation: You have a pair of small antennae on your
                  | head. [demonic ancestry]
   257 | D:1      | Reached XP level 2. HP: 4/22 MP: 8/8
   263 | D:1      | Quit the game

Illustrated notes

Levels and vault maps discovered:
D:1:      dpeg_arrival_shelter, layout_loops_ring, serial_rivers,
          chequers_serial_rivers_micro_b, chequers_serial_rivers_large_a,
          chequers_serial_rivers_micro_b, chequers_serial_rivers_room_b,
          chequers_serial_rivers_micro_b, chequers_serial_rivers_micro_a,
          hex_medium, serial_bayou_lagoon_b

Skill      XL: |  1 |
---------------+----+-----
Fighting       | 1 |  1.7
Throwing       | |  1.0
Spellcasting   | |  5.0
Summonings     | |  1.0
Air Magic      | |  1.0
Poison Magic   | |  1.0
Evocations     | |  1.0

Action                   || total
-------------------------++-------
Melee: Dagger            ||    24
Throw: Dart              ||     2
Armor: Robe              ||     4
Dodge: Dodged            ||    11

Table legend: (Time is in decaauts)
 A = Elapsed time spent in this place.
 B = Non-inter-level travel time spent in this place.
 C = Inter-level travel time spent in this place.
 D = Time resting spent in this place.
 E = Time spent auto-exploring this place.
 F = Levels seen in this place.
 G = Mean time per level.
                   A        B        C        D        E       F      G
               +--------+--------+--------+--------+--------+-----+--------+
         Total |    265 |    265 |      0 |      0 |    164 |   1 |  265.0 |
       Dungeon |    265 |    265 |      0 |      0 |    164 |   1 |  265.0 |
               +--------+--------+--------+--------+--------+-----+--------+

Top non-repeatable levels by time:
     D:1: 265 daAuts
